 Dungeon Crawl Stone Soup version 0.30-a0-1043-g60ff8d5f49 (webtiles) character file.

Game seed: 2979403540878460170

7 KarmaKiller the Trooper (level 1, 0/18 HPs)
             Began as a Demonspawn Berserker on Apr 10, 2023.
             Was a Follower of Trog.
             Slain by a giant cockroach (1 damage)
             ... on level 1 of the Dungeon.
             The game lasted 00:01:56 (259 turns).

KarmaKiller the Trooper (Demonspawn Berserker)       Turns: 259, Time: 00:01:56

Health: 0/18       AC:  2    Str: 17    XL:     1   Next: 83%
Magic:  1/1        EV: 12    Int:  8    God:    Trog [*.....]
Gold:   7          SH:  0    Dex: 12    Spells: 0/0 levels left

rFire   + . .      SeeInvis .    b - +0 whip
rCold   x . .      Faith    .    d - orb {mayhem}
rNeg    . . .      Spirit   .    a - +0 animal skin
rPois   .          Reflect  .    (no helmet)
rElec   .          Rampage  .    (no cloak)
rCorr   .                        (no gloves)
Will    .....                    (no boots)
Stlth   +                        (no amulet)
HPRegen 0.23/turn                c - ring of fire
MPRegen 0.07/turn                (no ring)

@: no status effects
A: no striking features
a: Renounce Religion, Berserk


You were on level 1 of the Dungeon.
You worshipped Trog.
Trog was aware of your devotion.
You visited 1 branch of the dungeon, and saw 1 of its levels.

You collected 7 gold pieces.

Inventory:

Hand Weapons
 b - a +0 whip (weapon)
Armour
 a - a +0 animal skin (worn)
 d - an orb of mayhem (worn)
Jewellery
 c - a ring of fire (left hand)
Potions
 e - a potion of mutation {unknown}


   Skills:
 + Level 3.1 Fighting
 + Level 1.8 Armour
 + Level 1.8 Dodging
 + Level 2.9 Unarmed Combat


You couldn't memorise any spells.
You didn't know any spells.
Your spell library was empty.

Dungeon Overview and Level Annotations

Branches:
Dungeon (1/15)

Altars:


Message History

You kill the bat!
Trog accepts your kill.
Found a robe and a shiny orb.
Found a stone staircase leading down.
You see here an orb of mayhem.
d - an orb of mayhem You start putting on your armour.
You continue putting on your orb of mayhem. x4
You finish putting on your orb of mayhem.
Found a spear.
Found a brown potion.
You see here a +0 spear.
e - a brown potion You see here a +0 spear.
A bat comes into view.
Found a glowing orange potion.
The bat moves out of view.
The bat hits you but does no damage.
You hit the bat but do no damage. The bat hits you but does no damage.
An endoplasm comes into view.
Found a fizzy coppery potion and a small silver amulet.
The bat hits you but does no damage.
A goblin and a giant cockroach come into view.
The goblin is wielding a +0 dagger of electrocution.
Found 10 gold pieces.
The bat hits you.
You hit the bat.
The bat is moderately wounded.
The bat closely misses you.
The endoplasm quivers.
The bat barely misses you. The bat hits you.
You hit the goblin.
The goblin is heavily wounded.
The bat hits you. The goblin barely misses you.
The endoplasm barely misses you.
The goblin hits you with a +0 dagger of electrocution.
You are electrocuted!
Ouch! That really hurt!
* * * LOW HITPOINT WARNING * * *
The giant cockroach bites you.
You die...

..#..# ##..........
###..# #.......... #..#
#.."....... ##.>#
#.......... #...#
#.......... #...#
#.........# ##.###
#..!......#
.....##########.bBJ.....#
####............@.g......
############......!..#
#.........# ##......$##
##.....## #######


You could see an endoplasm, a giant cockroach, a goblin and a bat.

Vanquished Creatures
  A bat (D:1)
  2 hobgoblins (D:1)
  A frilled lizard (D:1)
  2 kobolds (D:1)
  A rat (D:1)
7 creatures vanquished.

Notes
Turn   | Place    | Note
-------+----------+-------------------------------------------
     0 | D:1      | KarmaKiller the Demonspawn Berserker began the quest for
                  | the Orb.
     0 | D:1      | Reached XP level 1. HP: 18/18 MP: 1/1
   259 | D:1      | Slain by a giant cockroach

Illustrated notes

Levels and vault maps discovered:
D:1:      dpeg_arrival_windows_large_door, layout_rooms, nicolae_wormholes

Action                     || total
---------------------------++-------
  Melee: Whip              ||    16
         Unarmed           ||    13
 Armour: Animal skin       ||     8
  Dodge: Dodged            ||    26

Table legend: (Time is in decaauts)
 A = Elapsed time spent in this place.
 B = Non-inter-level travel time spent in this place.
 C = Inter-level travel time spent in this place.
 D = Time resting spent in this place.
 E = Time spent auto-exploring this place.
 F = Levels seen in this place.
 G = Mean time per level.
                   A        B        C        D        E       F      G
               +--------+--------+--------+--------+--------+-----+--------+
         Total |    259 |    259 |      0 |      2 |      0 |   1 |  259.0 |
       Dungeon |    259 |    259 |      0 |      2 |      0 |   1 |  259.0 |
               +--------+--------+--------+--------+--------+-----+--------+

Top non-repeatable levels by time:
     D:1: 259 daAuts
